[Event "Titled Tuesday Blitz April 19 Early 2022"]
[White "Mikhailovsky, Vladimir"]
[Black "Yurovskykh, Oleksandr"]
[WhiteFideId "34105414"]
[BlackFideId "14134020"]
[WhiteElo "2349"]
[BlackElo "2292"]
[Result "1-0"]
[Round "04"]
[TimeControl "180+1"]
[Date "2022.04.19"]
[WhiteClock "0:00:08"]
[BlackClock "0:00:11"]

1. e4 d5 2. exd5 Qxd5 3. Nc3 Qd8 4. d4 Nf6 5. Nf3 Bg4 6. Bc4 e6 7. h3 Bxf3 8. Qxf3 c6 9. Be3 Nbd7 10. O-O-O Bb4 11. Ne4 Nxe4 12. Qxe4 Nf6 13. Qf3 Bd6 14. Kb1 Qc7 15. g4 h6 16. h4 O-O-O 17. g5 hxg5 18. hxg5 Nd5 19. Bc1 g6 20. Bb3 b5 21. c4 bxc4 22. Bxc4 Kb8 23. Bd2 Ka8 24. Rc1 Rxh1 25. Rxh1 Rf8 26. Rc1 Qb6 27. Qd3 Rb8 28. Bb3 Rc8 29. Rc4 Qa6 30. Qc2 Ne7 31. a3 Rb8 32. Ka2 Qb6 33. Ra4 Nd5 34. Qc4 Qb5 35. Qc2 Qb6 36. Rc4 Rc8 37. Ba4 Kb7 38. Bb3 Rc7 39. Ra4 Ka8 40. Ba5 Qb5 41. Bxc7 Bxc7 42. Rc4 Ne7 43. Ba4 Qd5 44. Ka1 Kb7 45. Qb3+ Bb6 46. Qc2 Bxd4 47. Bb3 Qe5 48. Ka2 c5 49. Ra4 Qd6 50. Bc4 Qb6 51. Ra6 Qc7 52. Qa4 Nc6 53. Bb5 Ne5 54. Rxa7+ 1-0


[Site "https://www.chess.com"]

[Event "Titled Tuesday Blitz April 19 Early 2022"]
[White "Moskalenko, Alexander"]
[Black "Martinez Alcantara, Jose Eduardo"]
[WhiteFideId "4155351"]
[BlackFideId "3805662"]
[WhiteElo "2434"]
[BlackElo "2690"]
[Result "1/2-1/2"]
[Round "04"]
[TimeControl "180+1"]
[Date "2022.04.19"]
[WhiteClock "0:00:56"]
[BlackClock "0:00:17"]

1. c4 c5 2. Nf3 Nc6 3. Nc3 g6 4. g3 Bg7 5. Bg2 d6 6. O-O e6 7. d3 Nge7 8. Bg5 h6 9. Bd2 O-O 10. a3 b6 11. b4 Rb8 12. b5 Nd4 13. Nxd4 cxd4 14. Na2 Bb7 15. Bxb7 Rxb7 16. Nb4 Qd7 17. a4 f5 18. a5 g5 19. axb6 axb6 20. f4 gxf4 21. gxf4 Kh7 22. Kh1 e5 23. Rf3 e4 24. Rf1 d5 25. cxd5 Nxd5 26. Qb3 Nxb4 27. Bxb4 Re8 28. Rg1 Qxb5 29. Rg2 exd3 30. exd3 Qc6 31. Qd1 Re6 32. Qh5 Rg6 33. Rg1 Rxg2 34. Rxg2 Qe6 35. Re2 Qd5+ 36. Rg2 Qe6 37. Re2 Qf7 38. Qxf7 Rxf7 39. Re6 Rf6 40. Re5 Rf7 41. Rb5 Rc7 42. Rxf5 Rc1+ 43. Kg2 Rd1 44. Rb5 Rxd3 45. Rxb6 Rb3 46. Bc5 Rxb6 47. Bxb6 Kg6 48. Kf3 Kf5 49. h3 Bf6 50. Bc5 h5 51. Bb6 Bg7 52. Bc5 d3 53. Ke3 d2 54. Kxd2 Kxf4 55. Bd6+ Kf3 56. Ke1 Kg2 57. Ke2 Bf6 58. Bc7 Bh4 59. Bd6 Bd8 60. Be5 Bg5 61. Bd6 Bh4 62. Be5 Bg3 63. Bxg3 Kxg3 64. h4 Kg2 65. Ke1 Kg1 66. Ke2 Kg2 67. Ke1 Kg3 68. Kf1 Kxh4 69. Kg1 Kg3 70. Kh1 h4 71. Kg1 h3 72. Kh1 h2 1/2-1/2


[Site "https://www.chess.com"]

[Event "Titled Tuesday Blitz April 19 Early 2022"]
[White "Nakamura, Hikaru"]
[Black "Oparin, Grigoriy"]
[WhiteFideId "2016192"]
[BlackFideId "24125890"]
[WhiteElo "2850"]
[BlackElo "2665"]
[Result "1-0"]
[Round "04"]
[TimeControl "180+1"]
[Date "2022.04.19"]
[WhiteClock "0:02:16"]
[BlackClock "0:01:52"]

1. Nf3 Nf6 2. b3 d5 3. Bb2 e6 4. e3 Bd6 5. d4 O-O 6. Bd3 b6 7. Nbd2 Bb7 8. c4 Nbd7 9. a4 a5 10. O-O Qe7 11. Ne5 c5 12. Nxd7 Nxd7 13. cxd5 exd5 14. dxc5 bxc5 15. Re1 Nf6 16. Qc2 h6 17. e4 d4 18. e5 Ng4 19. exd6 Qh4 20. Nf1 1-0


[Site "https://www.chess.com"]

[Event "Titled Tuesday Blitz April 19 Early 2022"]
[White "Petrosyan, Manuel"]
[Black "Petrovskyi, Vadym"]
[WhiteFideId "13300857"]
[BlackFideId "14165210"]
[WhiteElo "2592"]
[BlackElo "2400"]
[Result "0-1"]
[Round "04"]
[TimeControl "180+1"]
[Date "2022.04.19"]
[WhiteClock "0:00:01"]
[BlackClock "0:01:04"]

1. Nf3 Nf6 2. c4 g6 3. Nc3 Bg7 4. e4 d6 5. d4 O-O 6. Be2 e5 7. O-O Nc6 8. Be3 Ng4 9. Bg5 f6 10. Bh4 g5 11. Bg3 f5 12. exf5 exd4 13. Nb5 Nh6 14. Nfxd4 Nxf5 15. Nxf5 Bxf5 16. c5 a6 17. Nc3 dxc5 18. Qb3+ Kh8 19. Qxb7 Nd4 20. Bc4 Rb8 21. Qxc7 Qxc7 22. Bxc7 Rxb2 23. Rac1 Nb5 24. Ba5 Na3 25. Bd5 Bd3 26. Rfd1 c4 27. Bc7 Rc2 28. Ne4 h6 29. Bd6 Rd8 30. Bxa3 Rxc1 31. Rxc1 Rxd5 32. Nc3 Rf5 33. f3 Bd4+ 34. Kh1 g4 35. fxg4 Rf2 36. Bd6 Bxc3 37. h3 Bg7 0-1


[Site "https://www.chess.com"]

[Event "Titled Tuesday Blitz April 19 Early 2022"]
[White "Praggnanandhaa R"]
[Black "Donchenko, Alexander"]
[WhiteFideId "25059530"]
[BlackFideId "24603295"]
[WhiteElo "2599"]
[BlackElo "2539"]
[Result "1/2-1/2"]
[Round "04"]
[TimeControl "180+1"]
[Date "2022.04.19"]
[WhiteClock "0:00:03"]
[BlackClock "0:00:05"]

1. c4 Nf6 2. Nc3 c5 3. e3 g6 4. Nf3 Bg7 5. d4 cxd4 6. exd4 d5 7. cxd5 Nxd5 8. Bb5+ Bd7 9. Bc4 Be6 10. Qb3 Nc7 11. d5 Bc8 12. d6 Ne6 13. dxe7 Qxe7 14. Nd5 Qd8 15. Qa3 Nc6 16. O-O Qa5 17. Qd6 Qd8 18. Bf4 Qxd6 19. Bxd6 Bd7 20. Rfe1 O-O-O 21. Rac1 Bf8 22. Bg3 Bh6 23. Ne5 Bxc1 24. Rxc1 Nxe5 25. Bxe5 Bc6 26. Ne7+ Kd7 27. Nxc6 bxc6 28. Bxh8 Rxh8 29. Bxe6+ fxe6 30. Kf1 Rb8 31. b3 a5 32. Rc4 Rb5 33. Ke2 Kd6 34. g3 Rh5 35. h4 Re5+ 36. Kd3 h5 37. Ra4 Kc7 38. Re4 Rd5+ 39. Kc3 Kd6 40. Re2 Rf5 41. Rd2+ Kc5 42. Rc2 Kb5 43. Kd4 c5+ 44. Ke4 a4 45. bxa4+ Kxa4 46. f3 Rd5 47. g4 Rd4+ 48. Ke5 hxg4 49. fxg4 Rxg4 50. Rxc5 Rxh4 51. Kxe6 Rh5 52. Rc3 Kb4 53. Rb3+ Ka4 54. Kf6 Rh2 55. Kxg6 Rxa2 56. Rg3 Ra3 57. Rxa3+ Kxa3 1/2-1/2


[Site "https://www.chess.com"]

[Event "Titled Tuesday Blitz April 19 Early 2022"]
[White "Pranav, V"]
[Black "Andreikin, Dmitry"]
[WhiteFideId "25060783"]
[BlackFideId "4158814"]
[WhiteElo "2349"]
[BlackElo "2736"]
[Result "1/2-1/2"]
[Round "04"]
[TimeControl "180+1"]
[Date "2022.04.19"]
[WhiteClock "0:00:12"]
[BlackClock "0:00:14"]

1. Nf3 d5 2. g3 Nf6 3. Bg2 Bg4 4. O-O e6 5. d3 Nbd7 6. Nbd2 Bc5 7. e4 O-O 8. Qe2 Bb6 9. a4 a5 10. Re1 Bh5 11. h3 c6 12. Nf1 dxe4 13. dxe4 Nc5 14. e5 Nd5 15. Bg5 Bxf3 16. Bxd8 Bxe2 17. Bxb6 Nxb6 18. Rxe2 Nbxa4 19. b3 Nc3 20. Rd2 Rfc8 21. Ne3 b5 22. Rd6 Nd5 23. Nxd5 cxd5 24. Rb6 b4 25. f4 g5 26. Bf3 gxf4 27. gxf4 Nd7 28. Rb7 Nf8 29. Kh1 Rxc2 30. Rg1+ Ng6 31. f5 exf5 32. Bxd5 Rf8 33. Rg5 Rc5 34. Rd7 f4 35. e6 Kg7 36. Rf5 a4 37. bxa4 b3 38. e7 Re8 39. Rxf7+ Kh6 40. Be4 b2 41. Rb7 Re5 42. Bxg6 Kxg6 43. Rf8 Re1+ 44. Kg2 R8xe7 45. Rxb2 R7e4 46. Kf3 Rxa4 47. Rb6+ Kg7 48. Rc8 Re3+ 49. Kg4 Re7 50. Rbc6 Rf7 51. R6c7 f3+ 52. Kg3 Rf4 53. Rxf7+ Rxf7 54. Kf2 Kg6 55. Rc3 Kg5 56. Rxf3 Rf4 57. Rxf4 Kxf4 58. Kg2 h5 59. Kh1 h4 60. Kg1 Ke3 61. Kh1 Kf2 62. Kh2 Kf3 63. Kh1 Kg3 64. Kg1 Kxh3 65. Kh1 Kg3 66. Kg1 h3 67. Kh1 h2 1/2-1/2


[Site "https://www.chess.com"]

[Event "Titled Tuesday Blitz April 19 Early 2022"]
[White "Salem, A.R. Saleh"]
[Black "Ning, Kaiyu"]
[WhiteFideId "9301348"]
[BlackFideId "8614750"]
[WhiteElo "2657"]
[BlackElo "2013"]
[Result "1-0"]
[Round "04"]
[TimeControl "180+1"]
[Date "2022.04.19"]
[WhiteClock "0:00:14"]
[BlackClock "0:00:01"]

1. Nf3 d5 2. g3 g6 3. c4 dxc4 4. Na3 Bg7 5. Nxc4 Be6 6. Ne3 c5 7. Bg2 Nc6 8. h4 Nf6 9. d3 a5 10. Bd2 a4 11. Ng5 Bd7 12. Rc1 h6 13. Nf3 Be6 14. Rxc5 Bxa2 15. Rb5 Bb3 16. Qc1 Rc8 17. Nc4 Rc7 18. O-O Ng4 19. h5 g5 20. Bxg5 hxg5 21. Qxg5 Bxb2 22. Nxb2 Nf6 23. h6 Nd4 24. Re5 Ne6 25. Qd2 a3 26. Qb4 Bd5 27. Qxa3 Rxh6 28. Nc4 Ng4 29. Rxd5 Qxd5 30. Nfe5 Qd8 31. Nxg4 Rh8 32. e3 b5 33. Nce5 Kf8 34. Nf6 Rc5 35. d4 Rc7 36. Nd5 Rb7 37. Nf4 Nxf4 38. exf4 1-0


[Site "https://www.chess.com"]

[Event "Titled Tuesday Blitz April 19 Early 2022"]
[White "Seemann, Jakub"]
[Black "Lashkin, Jegor"]
[WhiteFideId "21874697"]
[BlackFideId "13907808"]
[WhiteElo "2003"]
[BlackElo "2368"]
[Result "1-0"]
[Round "04"]
[TimeControl "180+1"]
[Date "2022.04.19"]
[WhiteClock "0:00:09"]
[BlackClock "0:00:09"]

1. e4 c5 2. Nf3 d6 3. d4 cxd4 4. Nxd4 Nf6 5. Nc3 a6 6. Be2 e5 7. Nb3 Be7 8. O-O O-O 9. Qd3 Be6 10. Bd2 Nbd7 11. Nd5 Bxd5 12. exd5 a5 13. a4 h5 14. Kh1 g6 15. f4 exf4 16. Bxf4 Ne5 17. Qg3 Nxd5 18. Bxe5 dxe5 19. Rad1 Rc8 20. c4 h4 21. Qh3 Nf4 22. Rxd8 Rcxd8 23. Qf3 b6 24. g3 hxg3 25. hxg3 Ne6 26. Qc6 Rd6 27. Qb7 Bg5 28. Bg4 Nd8 29. Qe4 Nc6 30. c5 bxc5 31. Nxc5 Kg7 32. Bd7 Rh8+ 33. Kg1 Rd4 34. Qxc6 Rd2 35. Qf3 Rhh2 36. Qxf7+ Kh6 37. Qf8+ Kh5 38. Bg4+ Kxg4 39. Qc8+ Kh5 40. Qh8+ Kg4 41. Qxh2 Be3+ 42. Rf2 Rd1+ 43. Kg2 Bxf2 44. Qh4+ Kf5 45. Qe4+ Kf6 46. Kxf2 Rd2+ 47. Ke3 Rxb2 48. Qc6+ Kg5 49. Ne4+ Kh6 50. Qf6 Rb3+ 51. Kd2 Rb8 52. Qh4+ Kg7 53. Qe7+ Kh6 54. Qg5+ Kh7 55. Nf6+ Kg7 56. Nh5+ Kh7 57. Qe7+ Kh6 58. Qg7+ Kxh5 59. Qxe5+ Kg4 60. Qxb8 g5 61. Kd3 1-0


[Site "https://www.chess.com"]

[Event "Titled Tuesday Blitz April 19 Early 2022"]
[White "Shimanov, Aleksandr"]
[Black "Gubajdullin, Alexei"]
[WhiteFideId "4198603"]
[BlackFideId "4141202"]
[WhiteElo "2636"]
[BlackElo "2266"]
[Result "1-0"]
[Round "04"]
[TimeControl "180+1"]
[Date "2022.04.19"]
[WhiteClock "0:00:49"]
[BlackClock "0:00:01"]

1. d4 g6 2. Nf3 Bg7 3. Bf4 c5 4. c3 Qb6 5. Qd2 Nf6 6. e3 Ne4 7. Qc2 d5 8. Bd3 Bf5 9. Nh4 c4 10. Nxf5 cxd3 11. Nxg7+ Kf8 12. Qb3 Kxg7 13. f3 Nd6 14. Qxb6 axb6 15. Bxd6 exd6 16. Kd2 Nc6 17. Kxd3 Na5 18. Nd2 b5 19. e4 Nc4 20. Nxc4 dxc4+ 21. Kc2 Ra5 22. Rhe1 Rha8 23. a3 Re8 24. f4 f6 25. Re2 Ra7 26. Rae1 b6 27. g4 Rae7 28. h4 h6 29. Kd2 g5 30. fxg5 fxg5 31. hxg5 hxg5 32. e5 d5 33. Rf1 Rh8 34. Rf5 Kg6 35. Rf6+ Kg7 36. Rxb6 Rh4 37. Rg2 Rf7 38. Rxb5 Rh3 39. Rxd5 Rf1 40. Rc5 Rhh1 41. Rxc4 Rc1 42. Kd3 Rhd1+ 43. Ke4 Rf1 44. Rc7+ Kg6 45. Rc6+ Kg7 46. Kd5 Rf7 47. e6 1-0


[Site "https://www.chess.com"]

[Event "Titled Tuesday Blitz April 19 Early 2022"]
[White "Svane, Rasmus"]
[Black "Seo, Jung Min"]
[WhiteFideId "4657101"]
[BlackFideId "1734687"]
[WhiteElo "2645"]
[BlackElo "2401"]
[Result "1-0"]
[Round "04"]
[TimeControl "180+1"]
[Date "2022.04.19"]
[WhiteClock "0:01:18"]
[BlackClock "0:01:29"]

1. Nf3 Nf6 2. g3 d5 3. Bg2 g6 4. O-O Bg7 5. d4 O-O 6. c3 c6 7. Re1 Bf5 8. Nbd2 Nbd7 9. Nh4 Be6 10. e4 dxe4 11. Nxe4 Bd5 12. Nxf6+ Nxf6 13. Bxd5 cxd5 14. Nf3 e6 15. Bg5 Qc7 16. Bxf6 Bxf6 17. h4 h5 18. Re2 b5 19. Qd3 Rab8 20. a3 a5 21. Kg2 Qc4 22. Qd1 b4 23. cxb4 axb4 24. Rc2 Qa6 25. a4 b3 26. Rc3 Qb7 27. a5 Be7 28. a6 Qb6 29. a7 Ra8 30. Qxb3 Bb4 31. Ra4 Ba5 32. Qxb6 Bxb6 33. Ra6 Bxa7 34. Rca3 Rab8 35. Rxa7 Rxb2 36. Rc7 Kg7 37. Ng5 Kf6 38. Nh7+ 1-0


[Site "https://www.chess.com"]

[Event "Titled Tuesday Blitz April 19 Early 2022"]
[White "Visakh N R"]
[Black "Pham, Tran Gia Phuc"]
[WhiteFideId "25012223"]
[BlackFideId "12415669"]
[WhiteElo "2448"]
[BlackElo "1789"]
[Result "1-0"]
[Round "04"]
[TimeControl "180+1"]
[Date "2022.04.19"]
[WhiteClock "0:01:06"]
[BlackClock "0:00:19"]

1. e4 c5 2. Nf3 d6 3. d4 cxd4 4. Nxd4 Nf6 5. Nc3 a6 6. Be3 Ng4 7. Bc1 Nc6 8. Be2 Nf6 9. O-O e5 10. Nb3 Be6 11. f4 exf4 12. Bxf4 Be7 13. Kh1 O-O 14. Bd3 b5 15. a4 b4 16. Nd5 Nd7 17. Qd2 Nde5 18. Be2 Rb8 19. Rad1 Bxd5 20. exd5 Na5 21. Bxe5 dxe5 22. d6 Nxb3 23. cxb3 Bg5 24. Qd5 a5 25. Bc4 Bf6 26. d7 g6 27. Rf3 Kg7 28. g4 h6 29. Rdf1 Rb6 30. h4 e4 31. Rxf6 Rxf6 32. Qe5 g5 33. hxg5 hxg5 34. Qxg5+ Rg6 35. Rxf7+ Rxf7 36. Qxd8 1-0


[Site "https://www.chess.com"]

[Event "Titled Tuesday Blitz April 19 Early 2022"]
[White "Wieczorek, Oskar"]
[Black "Timofeev, Artyom"]
[WhiteFideId "1133950"]
[BlackFideId "4140419"]
[WhiteElo "2319"]
[BlackElo "2594"]
[Result "1-0"]
[Round "04"]
[TimeControl "180+1"]
[Date "2022.04.19"]
[WhiteClock "0:00:05"]
[BlackClock "0:00:52"]

1. e4 c5 2. Nf3 Nc6 3. b4 e6 4. bxc5 Qa5 5. c3 Bxc5 6. d4 Bd6 7. Bd3 Nge7 8. O-O h6 9. Nbd2 Qxc3 10. Nc4 Bxh2+ 11. Nxh2 Qxa1 12. Nd6+ Kf8 13. Qf3 f6 14. Qh5 g6 15. Bxh6+ Kg8 16. Ng4 Qxd4 17. e5 Qxd6 18. Bxg6 Qxe5 19. Bf7+ Kh7 20. Nxf6+ Qxf6 21. Bf8+ 1-0


[Site "https://www.chess.com"]

[Event "Titled Tuesday Blitz April 19 Early 2022"]
[White "Xu, Yi"]
[Black "Bortnyk, Olexandr"]
[WhiteFideId "8605564"]
[BlackFideId "14120828"]
[WhiteElo "2471"]
[BlackElo "2723"]
[Result "0-1"]
[Round "04"]
[TimeControl "180+1"]
[Date "2022.04.19"]
[WhiteClock "0:00:02"]
[BlackClock "0:00:12"]

1. e4 Nf6 2. e5 Nd5 3. d4 d6 4. Nf3 dxe5 5. Nxe5 c6 6. Be2 Bf5 7. O-O Nd7 8. Nf3 e6 9. a3 Bd6 10. c4 N5f6 11. Nh4 Bg6 12. Nc3 Ne4 13. g3 Nxc3 14. bxc3 O-O 15. Nxg6 hxg6 16. Bf3 Qa5 17. Qb3 Rab8 18. c5 Bc7 19. h4 Nf6 20. Kg2 b6 21. cxb6 Rxb6 22. Qc4 Bd6 23. a4 c5 24. Be3 cxd4 25. Bxd4 Rbb8 26. Rfb1 Be5 27. Bxe5 Qxe5 28. Rb5 Qd6 29. Rab1 Rbc8 30. Qb4 Qd3 31. Rd1 Qxc3 32. Qxc3 Rxc3 33. Rb7 e5 34. Rxa7 e4 35. Be2 Rc2 36. Kf1 Rb8 37. Re1 Rbb2 38. a5 e3 39. Re7 Ng4 40. Bxg4 Rxf2+ 41. Kg1 Rg2+ 42. Kh1 Rh2+ 43. Kg1 Rbg2+ 44. Kf1 Rxg3 45. Re8+ Kh7 46. R8xe3 Rxg4 47. Ra3 Rgxh4 48. a6 Rh1+ 49. Kf2 R4h2+ 50. Kg3 Rh3+ 51. Kg2 R1h2+ 52. Kg1 Rxa3 53. Kxh2 Rxa6 54. Re7 f6 55. Kg3 g5 56. Kg4 Kg6 57. Re3 Ra2 58. Rb3 Ra4+ 59. Kg3 f5 60. Rb7 Ra3+ 61. Kg2 g4 62. Rc7 Kf6 63. Rd7 g6 64. Rd6+ Kg5 65. Rd4 Ra2+ 66. Kg3 f4+ 67. Rxf4 Ra3+ 0-1


[Site "https://www.chess.com"]

[Event "Titled Tuesday Blitz April 19 Early 2022"]
[White "Zakhartsov, Vladimir"]
[Black "Tologon tegin, Semetei"]
[WhiteFideId "4145097"]
[BlackFideId "13800574"]
[WhiteElo "2491"]
[BlackElo "2258"]
[Result "1-0"]
[Round "04"]
[TimeControl "180+1"]
[Date "2022.04.19"]
[WhiteClock "0:00:06"]
[BlackClock "0:00:01"]

1. d4 Nf6 2. c4 e6 3. Nf3 b6 4. g3 Bb7 5. Bg2 Be7 6. O-O O-O 7. Nc3 Ne4 8. Bd2 Nxc3 9. Bxc3 Be4 10. d5 Bf6 11. Rc1 d6 12. Nd4 Bxg2 13. Kxg2 Bxd4 14. Qxd4 e5 15. Qd3 Nd7 16. f4 Qe7 17. e4 Rae8 18. f5 a5 19. Qe3 f6 20. g4 g5 21. fxg6 hxg6 22. h4 Qg7 23. Rf3 Kf7 24. Kf2 Ke7 25. Ke2 Rh8 26. Rh1 Rh7 27. Kd2 Reh8 28. Rfh3 Qf7 29. Qf3 Kd8 30. h5 gxh5 31. Rxh5 Rxh5 32. gxh5 f5 33. exf5 Rh6 34. Kc2 Nf6 35. Bd2 Rxh5 36. Rg1 Nh7 37. Rg8+ Kd7 38. Rg7 Qxg7 39. Qxh5 Nf6 40. Qh4 Nh7 41. Qh3 Ke7 42. Bh6 Qf6 43. Be3 Qg7 44. Bf2 Nf6 45. Be3 Kf7 46. Kb3 Qg4 47. Qxg4 Nxg4 48. Bg5 Nf6 49. Ka4 Kg7 50. Kb5 Ne4 51. Bd8 Ng3 52. f6+ Kf7 53. Bxc7 e4 54. Bxb6 Nf5 55. Bxa5 Kxf6 56. a4 e3 57. Kc6 Ke7 58. Bc3 e2 59. a5 Nd4+ 60. Kb7 Nb3 61. a6 Nc5+ 62. Kb6 Na4+ 63. Kc7 Nxc3 64. a7 e1=Q 65. a8=Q Ne4 66. Qb7 Qe3 67. b4 Qd4 68. Qc6 Kf6 69. b5 Ke5 70. b6 Nc5 71. b7 Nxb7 72. Kxb7 Qb2+ 73. Kc7 Qa3 74. Qb6 Qa4 75. Qxd6+ 1-0


[Site "https://www.chess.com"]

[Event "Titled Tuesday Blitz April 19 Early 2022"]
[White "Aaditya Dhingra"]
[Black "Zhu, Jiner"]
[WhiteFideId "25678191"]
[BlackFideId "8608059"]
[WhiteElo "1849"]
[BlackElo "2281"]
[Result "1-0"]
[Round "05"]
[TimeControl "180+1"]
[Date "2022.04.19"]
[WhiteClock "0:00:06"]
[BlackClock "0:00:02"]

1. Nf3 Nf6 2. c4 e6 3. g3 d5 4. Bg2 Be7 5. O-O O-O 6. b3 d4 7. Bb2 c5 8. e3 Nc6 9. exd4 cxd4 10. Re1 Re8 11. d3 Bf8 12. a3 a5 13. Ne5 Qd6 14. f4 Rb8 15. Nd2 Rd8 16. Ndf3 Qc5 17. Rb1 h6 18. Bc1 Bd7 19. g4 Nxe5 20. Nxe5 Be8 21. b4 axb4 22. axb4 Qc7 23. g5 hxg5 24. fxg5 Nd7 25. Ng4 Bd6 26. Qf3 b6 27. Qh3 Nf8 28. Rf1 Ng6 29. Be4 Bc6 30. Bxc6 Qxc6 31. Bd2 b5 32. c5 Bc7 33. Qh5 Rd7 34. Rf2 e5 35. Rbf1 e4 36. Rf6 Qd5 37. Rxg6 fxg6 38. Qxg6 1-0


[Site "https://www.chess.com"]

[Event "Titled Tuesday Blitz April 19 Early 2022"]
[White "Aakanksha Hagawane"]
[Black "Pert, Nicholas"]
[WhiteFideId "25014510"]
[BlackFideId "403989"]
[WhiteElo "1971"]
[BlackElo "2536"]
[Result "0-1"]
[Round "05"]
[TimeControl "180+1"]
[Date "2022.04.19"]
[WhiteClock "0:00:03"]
[BlackClock "0:00:15"]

1. e4 c5 2. Nf3 Nc6 3. d4 cxd4 4. Nxd4 g6 5. c4 Nf6 6. Nc3 d6 7. Be2 Nxd4 8. Qxd4 Bg7 9. Be3 O-O 10. Qd1 a5 11. O-O a4 12. Bd4 Qa5 13. Nd5 Nxd5 14. exd5 Bxd4 15. Qxd4 e5 16. dxe6 Bxe6 17. Rfd1 Rfd8 18. Rac1 Rac8 19. Bf3 b6 20. Bd5 Bxd5 21. Qxd5 Qxd5 22. Rxd5 Kf8 23. Kf1 Rc5 24. b4 axb3 25. axb3 Ke7 26. b4 Rc7 27. Re1+ Kd7 28. Red1 Ke7 29. c5 bxc5 30. bxc5 Rxc5 31. Rxc5 dxc5 32. Rc1 Rc8 33. Ke2 Ke6 34. Ke3 Kd5 35. Rd1+ Ke6 36. Rc1 Rc7 37. f4 f5 38. g3 Kd5 39. Rd1+ Kc4 40. Rd8 Kb3 41. Kd2 Rb7 42. Rd3+ Kb4 43. Kc2 c4 44. Rd8 Re7 45. Rb8+ Kc5 46. Rc8+ Kd4 47. Rd8+ Ke3 48. Kc3 Rc7 49. Rd2 Kf3 50. Ra2 h5 51. Rd2 h4 52. gxh4 Kxf4 53. Rg2 Rc6 54. Rg3 Ke4 55. Rg2 f4 56. Rg5 f3 57. h5 gxh5 0-1


[Site "https://www.chess.com"]

[Event "Titled Tuesday Blitz April 19 Early 2022"]
[White "Agibileg, Uurtsaikh"]
[Black "Moskvin, Anatoly"]
[WhiteFideId "4901606"]
[BlackFideId "24199990"]
[WhiteElo "2205"]
[BlackElo "2079"]
[Result "1-0"]
[Round "05"]
[TimeControl "180+1"]
[Date "2022.04.19"]
[WhiteClock "0:00:03"]
[BlackClock "0:00:11"]

1. d4 d5 2. c4 e5 3. dxe5 d4 4. Nf3 Nc6 5. e4 Bg4 6. Be2 Bxf3 7. Bxf3 Nxe5 8. O-O c5 9. Bf4 Bd6 10. Nd2 Ne7 11. b4 Nxf3+ 12. Qxf3 Bxf4 13. Qxf4 cxb4 14. Rab1 Nc6 15. Rb3 Qe7 16. Qg4 O-O 17. f4 f6 18. Rh3 a5 19. Qf5 g6 20. Qd5+ Kg7 21. c5 Rad8 22. Qc4 d3 23. Qc1 Nd4 24. Qe1 Qxc5 25. Kh1 Nc2 26. Qh4 h5 27. f5 Ne3 28. Qf2 Qd4 29. Rxe3 g5 30. e5 fxe5 31. f6+ Kh8 32. Nf3 Qf4 33. Rxe5 d2 34. Rd1 g4 35. Rxh5+ Kg8 36. Qh4 Rxf6 37. Rg5+ Kf7 38. Qh7+ Ke6 39. Re5+ Kd6 40. Qe7+ Kc6 41. Qxd8 Rd6 42. Qc8+ Kb6 43. Qc5+ Ka6 44. Qxd6+ Ka7 45. Qc5+ Kb8 46. Re8# 1-0


[Site "https://www.chess.com"]

[Event "Titled Tuesday Blitz April 19 Early 2022"]
[White "Alinasab, Mobina"]
[Black "Sanchez, Robert"]
[WhiteFideId "12528897"]
[BlackFideId "2034360"]
[WhiteElo "2031"]
[BlackElo "2380"]
[Result "0-1"]
[Round "05"]
[TimeControl "180+1"]
[Date "2022.04.19"]
[WhiteClock "0:00:01"]
[BlackClock "0:00:24"]

1. e4 g6 2. d4 Bg7 3. Nc3 d6 4. f4 c6 5. Nf3 Nf6 6. e5 Nfd7 7. Bc4 O-O 8. e6 fxe6 9. Bxe6+ Kh8 10. Ng5 Nf6 11. Nf7+ Rxf7 12. Bxf7 e6 13. h4 Qe7 14. Bxg6 hxg6 15. Qd3 e5 16. dxe5 dxe5 17. Qxg6 exf4+ 18. Kf1 Be6 19. Bxf4 Bc4+ 20. Kf2 Nbd7 21. Rae1 Qc5+ 22. Be3 Qd6 23. h5 Rf8 24. Kg1 Ne5 25. Qg3 Rg8 26. Bf4 Nfd7 27. h6 Bf6 28. Qe3 Bd5 29. Nxd5 Qxd5 30. Re2 Nf3+ 31. Kf2 Bd4 32. gxf3 Bxe3+ 33. Bxe3 Ne5 34. Rh3 Rf8 35. Rd2 Rxf3+ 36. Ke1 Rxh3 0-1


[Site "https://www.chess.com"]

[Event "Titled Tuesday Blitz April 19 Early 2022"]
[White "Al-Tarboush, Ward"]
[Black "Korchmar, Vasiliy"]
[WhiteFideId "7601450"]
[BlackFideId "24131750"]
[WhiteElo "2276"]
[BlackElo "2370"]
[Result "0-1"]
[Round "05"]
[TimeControl "180+1"]
[Date "2022.04.19"]
[WhiteClock "0:00:24"]
[BlackClock "0:00:33"]

1. e4 c5 2. Nf3 d6 3. d4 cxd4 4. Nxd4 Nf6 5. Nc3 Nc6 6. Bg5 Bd7 7. Bc4 e6 8. Qd2 a6 9. f4 b5 10. Bb3 h6 11. Bxf6 Qxf6 12. Nxc6 Bxc6 13. O-O-O Be7 14. Rhe1 O-O 15. Qe3 a5 16. a4 bxa4 17. Bxa4 Rfc8 18. Qd4 Qxf4+ 19. Kb1 Bf6 20. Ne2 Qxe4 21. Qxe4 Bxe4 22. Rxd6 Bxg2 23. Nf4 Bf3 24. Re3 Bg4 25. h3 Bf5 26. Nh5 Bg5 27. Rf3 Rab8 28. Rd7 Bg6 29. Nf4 Be4 30. Rf2 Rb4 31. Nh5 Rxa4 32. b3 Rb4 33. Rfxf7 Rxb3+ 34. Ka2 Rxh3 35. Rxg7+ Kh8 0-1


[Site "https://www.chess.com"]

[Event "Titled Tuesday Blitz April 19 Early 2022"]
[White "Andreikin, Dmitry"]
[Black "Moskalenko, Alexander"]
[WhiteFideId "4158814"]
[BlackFideId "4155351"]
[WhiteElo "2736"]
[BlackElo "2434"]
[Result "1-0"]
[Round "05"]
[TimeControl "180+1"]
[Date "2022.04.19"]
[WhiteClock "0:01:56"]
[BlackClock "0:00:51"]

1. d4 Nf6 2. c4 e6 3. Nf3 b6 4. a3 Bb7 5. Nc3 d5 6. cxd5 Nxd5 7. Qc2 Be7 8. e4 Nxc3 9. bxc3 Nd7 10. Bd3 c5 11. O-O cxd4 12. cxd4 Rc8 13. Qe2 O-O 14. Bb2 Qc7 15. g3 Rfe8 16. Rfc1 Qb8 17. Nd2 Bf8 18. Nc4 Qa8 19. f3 Qb8 20. Ne3 Rxc1+ 21. Rxc1 Rc8 22. Rf1 Qa8 23. Ng4 g6 24. Qe3 Bg7 25. Nh6+ Kf8 26. Qf4 Bxh6 27. Qxh6+ Kg8 28. Bb5 Bc6 29. d5 1-0


[Site "https://www.chess.com"]

[Event "Titled Tuesday Blitz April 19 Early 2022"]
[White "Antonio, Jorge Carlos"]
[Black "Qashashvili, Alexandre"]
[WhiteFideId "113190"]
[BlackFideId "13600842"]
[WhiteElo "2247"]
[BlackElo "2316"]
[Result "0-1"]
[Round "05"]
[TimeControl "180+1"]
[Date "2022.04.19"]
[WhiteClock "0:01:03"]
[BlackClock "0:01:35"]

1. d4 c6 2. e4 d5 3. exd5 cxd5 4. c3 Nc6 5. Bd3 Nf6 6. Nf3 Bg4 7. O-O e6 8. Bg5 Be7 9. Nbd2 Nd7 10. Bxe7 Nxe7 11. h3 Bf5 12. Qe2 Bxd3 13. Qxd3 O-O 14. Rfe1 h6 15. Ne5 Nxe5 16. Rxe5 Rc8 17. a4 Ng6 18. Re2 a6 19. Qg3 Qc7 20. Qxc7 Rxc7 21. g3 Rfc8 22. a5 Ne7 23. Nb3 Nf5 24. Nc5 Nd6 25. f3 Nc4 26. b3 Nd6 27. h4 Nb5 28. Re3 Nd6 29. Kf2 Nf5 30. Rd3 e5 31. b4 exd4 32. g4 Nxh4 33. Rxd4 Re8 34. Rxd5 Rce7 35. Ra2 Re3 36. Nxb7 Rxf3+ 37. Kg1 Re1+ 38. Kh2 Ree3 39. Nc5 Rh3+ 40. Kg1 Rxc3 41. Nxa6 Rhg3+ 42. Kf1 Rcf3+ 43. Ke1 Rg1+ 44. Ke2 Rg2+ 45. Ke1 Rxa2 46. b5 Ng2+ 47. Kd1 Rf1# 0-1


[Site "https://www.chess.com"]

[Event "Titled Tuesday Blitz April 19 Early 2022"]
[White "Atakhan, Abtin"]
[Black "Golubeva, Oksana"]
[WhiteFideId "22502203"]
[BlackFideId "4170164"]
[WhiteElo "2094"]
[BlackElo "2162"]
[Result "1-0"]
[Round "05"]
[TimeControl "180+1"]
[Date "2022.04.19"]
[WhiteClock "0:00:21"]
[BlackClock "0:00:01"]

1. c4 Nf6 2. g3 h5 3. Nf3 d6 4. Nc3 e5 5. Bg2 c6 6. d3 Bg4 7. Bg5 Be7 8. h3 Be6 9. b4 a5 10. b5 Nbd7 11. Rb1 Nc5 12. Nd2 Qd7 13. bxc6 bxc6 14. Bxf6 Bxf6 15. Na4 Nxa4 16. Qxa4 d5 17. h4 O-O 18. cxd5 Bxd5 19. Bxd5 Qxd5 20. O-O Be7 21. Rfc1 Rfc8 22. Rc4 f5 23. Rbc1 c5 24. Qc2 f4 25. Ne4 fxg3 26. fxg3 Rf8 27. Kg2 Rf5 28. Qb3 Kh8 29. R4c3 Qc6 30. Rb1 Raf8 31. Rcc1 Rf2+ 32. Kg1 Rxe2 33. Rf1 c4 34. Rxf8+ Bxf8 35. Qb8 cxd3 36. Qxf8+ Kh7 37. Qf5+ Kh6 38. Qg5+ Kh7 39. Qxh5+ Qh6 40. Ng5+ Kg8 41. Qe8# 1-0


[Site "https://www.chess.com"]